Map: Mist Opportunities

Players

SpoonLord

  • Race: Zerg Zerg

LazyNapper

  • Race: Zerg Zerg
  • Spawn Location: 5:00

VOD

Have the link to the VOD?

Description

Time

  • Played on: July 20, 2025, 1:01 p.m.
  • Length: 30:06
Show
View Real Time Build Order
Export as new Build Order

SpoonLord Zerg 

Build Orders:  

Get SALT Encoding   

  12  0:05  Drone  
  13  0:15  Drone  
  14  0:21  Overlord  
  14  0:50  Drone  
  14  0:51  Drone x4  
  14  0:52  Drone  
  14  0:59  Extractor  
  19  1:02  Extractor  
  18  1:11  Drone x2  
  20  1:23  Drone  
  21  1:35  Drone  
  22  1:52  Drone, Spawning Tool  
  22  1:55  Overlord  
  22  2:06  Evolution Chamber  
  21  2:23  Drone x3  
  21  2:24  Drone  
  25  2:37  Drone  
  26  3:00  Drone  
  26  3:02  Drone x2  
  29  3:30  Hatchery  
  28  4:40  Drone  
  28  4:41  Infestation Pit  
  28  4:49  Drone x2, Hydralisk Den  
  30  4:50  Drone x5  
  29  4:51  Drone x2  
  36  5:27  Extractor  
  35  5:30  Drone, Extractor  
  35  5:31  Drone  
  35  5:32  Overlord  
  35  5:33  Overlord x5  
  35  5:34  Overlord x2  
  36  6:14  Drone  
  36  6:15  Drone x4  
  36  6:16  Drone x4  
  45  6:52  Drone x3  
  45  6:54  Hydralisk x5  
  58  8:08  Super Gary  
  58  8:16  Zerg Missile Weapons Level 1, Zerg Ground Armor Level 1  
  58  8:18  Muscular Augments  
  58  8:19  Erudition Missile Launchers  
  58  9:54  Hydralisk x6  
  58  9:55  Hydralisk x6  
  82  10:00  Tyr-Class Targeting System  
  82  11:21  Hydralisk  
  82  11:22  Hydralisk x8  
  82  11:24  Overlord x3  
  100  12:12  Hydralisk x4  
  100  12:13  Hydralisk x6  
  120  12:21  Zerg Ground Armor Level 2, Zerg Missile Weapons Level 2  
  120  12:30  Overlord x4  
  120  15:37  Hydralisk x4  
  120  15:38  Hydralisk x8  
  144  16:27  Hydralisk  
  144  16:37  Hydralisk x4  
  144  16:38  Hydralisk x2  
  144  16:39  Overlord x2  
  156  16:40  Overlord x4  
  148  17:36  Hydralisk x6  
  148  17:37  Hydralisk x6  
  172  18:39  Hydralisk x10  
  192  18:40  Hydralisk x2  
  196  19:00  Hydralisk  
  196  19:30  Hydralisk  
  196  19:36  Hydralisk  
  174  20:22  Hydralisk x7  
  174  20:23  Hydralisk x5  
  198  21:04  Hydralisk  
  198  21:45  Hydralisk  
  200  24:45  Zerg Missile Weapons Level 3, Zerg Ground Armor Level 3  
  194  28:02  Hydralisk x3  
Show
View Real Time Build Order
Export as new Build Order

LazyNapper Zerg 

Build Orders:  

Get SALT Encoding   

  6  0:10  Drone x2  
  7  0:22  Drone x2  
  7  0:27  Drone x2  
  9  0:36  Drone x2  
  10  0:45  Extractor  
  9  0:53  Overlord  
  9  1:14  Spawning Pool  
  9  1:27  Drone x2  
  10  1:44  Swarmling x15  
  17  2:03  Drone x2  
  17  2:04  Drone x2  
  19  2:14  Extractor  
  19  2:20  Swarmling x3  
  19  2:21  Swarmling x3  
  19  2:27  Overlord  
  22  2:41  Overlord  
  22  3:13  Metabolic Boost  
  22  3:14  Drone x6  
  25  3:20  Overlord  
  25  3:30  Lair  
  25  3:39  Swarmling x3  
  22  4:16  Drone x2  
  22  4:18  Hatchery  
  21  4:21  Evolution Chamber  
  21  4:23  Evolution Chamber  
  20  4:44  Drone x2, Swarmling x3  
  20  4:45  Drone x2  
  22  4:51  Swarmling x3  
  22  4:52  Swarmling x6  
  23  5:02  Heroic Fortitude  
  23  5:04  Medusa Blades  
  23  5:20  Aberration x2  
  23  5:28  Drone x2  
  23  5:29  Drone x2  
  30  5:38  Aberration  
  33  5:53  Aberration  
  33  5:57  Drone x2  
  37  6:00  Drone x2  
  38  6:11  Protective Cover  
  38  6:18  Aberration  
  41  6:22  Swarmling x3  
  41  6:29  Extractor  
  42  6:33  Scourge Nest  
  42  6:36  Drone x4  
  42  6:53  Swarmling x3  
  42  6:54  Aberration x2  
  42  6:55  Swarmling x3  
  42  6:57  Unknown  
  42  7:31  Aberration x2, Swarmling x3  
  42  7:36  Drone x2  
  42  7:37  Drone x2  
  51  7:45  Extractor  
  51  7:48  Overlord x2  
  51  7:49  Overlord x2  
  50  7:52  Zerg Flyer Weapons Level 1  
  50  8:06  Overlord x2  
  50  8:07  Overlord  
  54  8:35  Unknown x2  
  54  8:40  Overseer x2  
  54  8:48  Zerg Ground Armor Level 1  
  52  9:00  Aberration  
  52  9:01  Swarmling x3  
  52  9:02  Swarmling x27  
  52  9:03  Swarmling x3  
  71  9:11  Drone x2  
  71  9:29  Hive  
  70  9:32  Aberration  
  70  9:33  Swarmling x6  
  71  9:52  Aberration, Roach x10  
  71  9:53  Roach x10  
  71  9:57  Swarmling x6  
  71  9:58  Swarmling x3  
  83  10:09  Unknown  
  82  10:10  Unknown  
  82  10:14  Unknown  
  82  10:23  Swarmling x6  
  82  10:24  Aberration x2  
  85  10:39  Drone x4  
  74  10:53  Zerg Flyer Weapons Level 2  
  74  11:04  Swarmling x9  
  74  11:05  Aberration, Swarmling x6  
  77  11:38  Swarmling x3  
  77  11:39  Swarmling x9  
  76  12:05  Aberration, Swarmling x6  
  76  12:06  Swarmling x3  
  76  12:07  Swarmling x6  
  90  12:14  Zerg Ground Armor Level 2  
  90  12:16  Shredding Claws  
  90  12:22  Unknown x2  
  90  12:24  Swarmling x12  
  95  12:55  Swarmling x3  
  95  12:56  Swarmling x6  
  98  13:26  Swarmling x3  
  98  13:27  Swarmling x3  
  99  13:46  Adrenal Overload  
  93  14:02  Swarmling x3  
  93  14:03  Roach x8, Zerg Flyer Armor Level 1, Swarmling x12  
  93  14:04  Roach x12  
  93  14:08  Unknown  
  97  14:21  Swarmling x3  
  89  14:41  Swarmling x6  
  89  14:42  Swarmling x15  
  89  14:46  Hardened Carapace  
  89  14:47  Aberration  
  89  14:49  Swarmling x3  
  96  15:20  Unknown  
  96  15:21  Unknown x2  
  96  15:32  Zerg Ground Armor Level 3  
  96  15:34  Scourge x2  
  96  15:42  Scourge x2  
  82  15:59  Swarmling x3  
  77  16:00  Swarmling x6  
  77  16:01  Aberration x5, Swarmling x6  
  77  16:02  Swarmling x6  
  94  16:16  Swarmling x3  
  94  16:17  Swarmling x3  
  95  16:32  Centrifugal Hooks  
  95  16:33  Swarmling x3  
  95  16:34  Swarmling x6  
  99  16:40  Spore Crawler  
  99  16:51  Baneling Nest  
  99  17:17  Overlord x5  
  99  17:18  Overlord x4  
  99  17:27  Roach x14  
  99  17:28  Roach x6  
  98  18:07  Swarmling x3  
  97  18:21  Swarmling x3  
  97  18:22  Corrosive Acid  
  99  18:57  Swarmling x3  
  99  19:09  Swarmling x3  
  100  19:12  Unknown  
  100  19:24  Zerg Flyer Weapons Level 3  
  100  19:51  Rupture  
  100  20:41  Roach x10  
  100  20:42  Roach x10  
  99  20:57  Swarmling x3  
  99  21:38  Aberration, Swarmling x3  
  91  22:01  Swarmling x3  
  91  22:02  Aberration, Swarmling x6  
  91  22:03  Swarmling x3  
  93  22:24  Swarmling x3  
  93  22:25  Aberration, Swarmling x3  
  86  22:50  Swarmling x3  
  86  22:51  Swarmling x27  
  99  23:04  Zerg Flyer Armor Level 2  
  92  23:24  Swarmling x3  
  92  23:25  Aberration, Swarmling x3  
  92  23:26  Swarmling x3  
  94  23:40  Unknown x2  
  93  24:33  Swarmling x12  
  99  25:12  Roach x4  
  99  25:13  Roach x12  
  99  25:14  Roach x4  
  97  25:22  Swarmling x3  
  99  26:09  Swarmling x3  
  98  26:10  Swarmling x3  
  98  26:14  Virulent Spores  
  98  26:27  Swarmling x3  
  98  26:28  Swarmling x15  
  92  26:46  Swarmling x3  
  92  26:47  Swarmling x15  
  97  27:17  Swarmling x3  
  97  27:18  Swarmling x12  
  99  28:05  Scourge x2  
  99  28:08  Scourge x2  
  82  28:21  Swarmling x3  
  82  28:22  Aberration x3, Swarmling x15  
  82  28:23  Aberration, Swarmling x6  
  82  28:28  Roach x14  
  82  28:29  Roach x4  
  91  28:38  Swarmling x3  
  91  28:39  Swarmling x3  
  89  28:44  Swarmling x3  
  89  28:45  Swarmling x3  
Tags
 
Add a new tag
Caveats
  • Supply blocks, unpowered buildings, or Contaminate may cause inaccurate times.
  • Supply counts are checked every 10 seconds.